 Dungeon Crawl Stone Soup version 0.27.1-34-g3ba077fa99 (webtiles) character file.

Game seed: 6147974177536413494

7 Descartes the Grasshopper (level 1, 0/9 HPs)
             Began as a Felid Warper on Jan 21, 2022.
             Slain by a jackal (2 damage)
             ... on level 1 of the Dungeon.
             The game lasted 00:00:50 (302 turns).

Descartes the Grasshopper (Felid Warper)             Turns: 302, Time: 00:00:51

Health: 0/9        AC:  1    Str:  7    XL:     1   Next: 91%
Magic:  4/4        EV: 18    Int: 14    God:
Gold:   11         SH:  0    Dex: 15    Spells: 4/4 levels left
                                        Lives:  0   Deaths: 0

rFire    . . .     SeeInvis +     - Unarmed
rCold    . . .     Faith    .   (shield unavailable)
rNeg     . . .     Spirit   .   (armour unavailable)
rPois    .         Reflect  .   (helmet unavailable)
rElec    .         Harm     .   (cloak unavailable)
rCorr    .         Rampage  .   (gloves unavailable)
Will     .....                  (boots unavailable)
Stlth    ++........             (no amulet)
HPRegen  0.03/turn              (no ring)
MPRegen  0.09/turn              (no ring)

@: quick
A: very small, claws 1, fangs 3, see invisible, speed 1, shaggy fur 1, stealthy
paws, no weapons or thrown items, no armour, multi-lived
a: no special abilities


You were on level 1 of the Dungeon.
You visited 1 branch of the dungeon, and saw 1 of its levels.

You collected 11 gold pieces.

Inventory:

Scrolls
 a - a scroll of blinking
 c - a scroll of teleportation {unknown}
 d - a scroll of silence {unknown}
Potions
 b - 2 potions of cancellation {unknown}


   Skills:
 - Level 2.0 Fighting
 * Level 3.5 Dodging
 + Level 0.8 Stealth
 + Level 2.1 Unarmed Combat
 - Level 2.0 Spellcasting
 + Level 4.5 Translocations


You had 4 spell levels left.
You didn't know any spells.
Your spell library contained the following spells:

 Spells                   Type           Power      Damage    Failure   Level
 Blink                    Tloc           N/A        N/A       5%          2
 Gell's Gravitas          Tloc           7%         N/A       11%         3
 Lesser Beckoning         Tloc           7%         N/A       11%         3
 Teleport Other           Tloc           14%        N/A       11%         3
 Manifold Assault         Tloc           14%        N/A       71%         5


Dungeon Overview and Level Annotations

Branches:
Dungeon (1/15)

Altars:


Innate Abilities, Weirdness & Mutations

You have sharp claws.
You have razor-sharp teeth.
You have supernaturally acute eyesight. (SInv)
You cover ground quickly. (Speed+)
You are covered in fur. (AC +1)
Your paws help you pounce on unaware monsters.
You are incapable of wielding weapons or throwing items.
You cannot wear armour.
You gain extra lives every three experience levels.


Message History

You are too injured to fight recklessly!
You are too injured to fight recklessly!
You are too injured to fight recklessly!
You are too injured to fight recklessly!
You are too injured to fight recklessly!
You are too injured to fight recklessly!
You are too injured to fight recklessly!
You see here a +0 scale mail.
You see here a bat skeleton.
The jackal closely misses you.
Things that are here:
a +0 club; a rat skeleton You closely miss the jackal.
The jackal misses you.
You barely miss the jackal. You bite the jackal.
The jackal is lightly wounded.
The jackal bites you. The jackal barely misses you.
You scratch the jackal. Your bite misses the jackal.
The jackal is severely wounded.
The jackal misses you.
You scratch the jackal.
The jackal is almost dead.
The jackal barely misses you.
You completely miss the jackal. Your bite misses the jackal.
The jackal is almost dead.
The jackal barely misses you.
You scratch the jackal but do no damage.
Your bite misses the jackal.
The jackal is almost dead.
The jackal closely misses you. The jackal bites you.
* * * LOW HITPOINT WARNING * * *
You barely miss the jackal.
The jackal is almost dead.
The jackal misses you.
You scratch the jackal but do no damage.
The jackal is almost dead.
The jackal closely misses you.
You barely miss the jackal.
The jackal is almost dead.
The jackal bites you.
You die...

######...##.##.## #
...........#....####
.(........###...S)##
........>.[#.h..#...
#####..S##.##.###..
#.÷.#####...... #...#
#####.# ######...# #.#
#..@##...### ...
#..##hhS....# #...
#.#.###......### #...
#######..# ##........
.#≈≈≈≈≈...# #.##..###
.≈≈≈≈≈(...# ##.....###
.≈≈≈≈≈....###.........
.≈≈≈≈≈....##.#........
.≈≈≈.≈.<........######


You could see 2 jackals and a ball python.

Vanquished Creatures
  An endoplasm (D:1)
  2 goblins (D:1)
  A hobgoblin (D:1)
  A bat (D:1)
  2 rats (D:1)
7 creatures vanquished.

Notes
Turn   | Place    | Note
-------+----------+-------------------------------------------
     0 | D:1      | Descartes the Felid Warper began the quest for the Orb.
     0 | D:1      | Reached XP level 1. HP: 9/9 MP: 4/4
   302 | D:1      | Slain by a jackal

Illustrated notes

Levels and vault maps discovered:
D:1:      dpeg_arrival_pond, layout_loops_cross,
          hellmonk_ecumenical_altar_watching_god

Action                   || total
-------------------------++-------
Melee: Unarmed           ||    30
       Bite              ||     3
Armor: Skin              ||     1
Dodge: Dodged            ||    32
